 Dungeon Crawl Stone Soup version 0.30.1-11-g7821555f0a (webtiles) character file.

Game seed: 301427822223689669

3019 porpoise the Skirmisher (level 9, -9/82 HPs)
             Began as a Minotaur Hunter on Jan 19, 2024.
             Mangled by a yak (11 damage)
             ... on level 8 of the Dungeon.
             The game lasted 00:19:00 (8459 turns).

porpoise the Skirmisher (Minotaur Hunter)           Turns: 8459, Time: 00:19:01

Health: -9/82      AC:  9    Str: 17    XL:     9   Next: 55%
Magic:  8/8        EV: 12    Int:  6    God:
Gold:   480        SH:  0    Dex: 17    Spells: 8/8 levels left

rFire   + . .        b - +7 hand axe of Painful Death {flame, rF+}
rCold   . . .        (no shield)
rNeg    . . .        j - +0 ring mail
rPois   .            (helmet restricted)
rElec   .            G - +0 cloak
rCorr   .            d - +0 pair of gloves
SInv    .            (no boots)
Will    .....        (no amulet)
Stlth   +            (no ring)
HPRegen 0.33/turn    (no ring)
MPRegen 0.11/turn

%: no passive effects
@: brilliant, hasted, very quick
A: horns 2, retaliatory headbutt
a: no special abilities


You were on level 8 of the Dungeon.
You visited 2 branches of the dungeon, and saw 9 of its levels.
You also visited: Sewer.

You collected 480 gold pieces.

Inventory:

Hand Weapons
 a - a +1 shortbow
 b - the +7 hand axe of Painful Death (weapon) {flame, rF+}
   (You took it off a hobgoblin on level 2 of the Dungeon)

   rF:        It protects you from fire.
 k - a +1 dagger of draining
 B - a +2 dagger of electrocution
 I - the +1 long sword of the Last Ultimatums {speed, Str+4 SInv}
   (You found it on level 7 of the Dungeon)

   Str:       It affects your strength (+4).
   SInv:      It lets you see invisible.
Missiles
 e - 7 poisoned darts
 K - 5 atropa-tipped darts
 N - a curare-tipped dart
Armour
 d - a +0 pair of gloves (worn)
 j - a +0 ring mail (worn)
 G - a +0 cloak (worn)
 J - the +2 ring mail of the Realm of Zot {Harm Slay+2}
   (You found it on level 7 of the Dungeon)

   Slay:      It affects your accuracy & damage with ranged weapons and melee
   (+2).
   Harm:      It increases damage dealt and taken.
Jewellery
 m - an amulet of magic regeneration
 t - a ring of wizardry
 y - a +6 ring of intelligence
 L - an amulet of faith
Wands
 v - a wand of flame (31)
 w - a wand of roots (12)
 E - a wand of polymorph (12)
 H - a wand of digging (14)
 M - a wand of paralysis (2)
Scrolls
 c - 3 scrolls of enchant weapon
 l - a scroll of noise
 n - 2 scrolls of immolation
 o - 2 scrolls of teleportation
 r - 2 scrolls of amnesia {unknown}
 u - a scroll of blinking
 x - 2 scrolls of fear
 A - a scroll of poison
 D - a scroll of brand weapon {unknown}
 F - a scroll of butterflies {unknown}
Potions
 f - a potion of magic {unknown}
 g - 5 potions of attraction
 h - 3 potions of flight
 i - 5 potions of curing
 p - 4 potions of brilliance
 q - a potion of haste
 s - 2 potions of berserk rage {unknown}
 z - a potion of mutation {unknown}
 C - a potion of invisibility {unknown}


   Skills:
 + Level 8.5 Fighting
 * Level 11.4 Ranged Weapons
 - Level 7.0 Armour
 + Level 3.0 Dodging
 - Level 0.7 Stealth


You had 8 spell levels left.
You didn't know any spells.
Your spell library contained the following spells:

 Spells                   Type           Power      Damage    Failure   Level
 Foxfire                  Conj/Fire      0%         2x1d4     63%         1
 Summon Small Mammal      Summ           0%         N/A       63%         1
 Blink                    Tloc           0%         N/A       77%         2
 Lesser Beckoning         Tloc           0%         N/A       77%         2
 Momentum Strike          Conj/Tloc      0%         3d8       77%         2
 Call Canine Familiar     Summ           0%         N/A       94%         3
 Gell's Gravitas          Tloc           0%         N/A       94%         3
 Ignite Poison            Fire/Tmut/Pois 0%         N/A       94%         3
 Inner Flame              Hex/Fire       0%         N/A       94%         3
 Summon Guardian Golem    Hex/Summ       0%         N/A       94%         3
 Teleport Other           Tloc           0%         N/A       94%         3
 Flame Wave               Conj/Fire      0%         2d4       100%        4
 Sticky Flame             Conj/Fire      0%         2d3       100%        4
 Dispersal                Tloc           0%         N/A       100%        6
 Ozocubu's Refrigeration  Ice            0%         4d7       100%        7
 Polar Vortex             Ice            0%         N/A       100%        9


Dungeon Overview and Level Annotations

Branches:
Dungeon (8/15)             Temple (1/1) D:6           Sewer (visited)
   Lair: D:8-11

Altars:
Ashenzari
Cheibriados
Dithmenos
Fedhas
Gozag
Kikubaaqudgha
Makhleb
Okawaru
Qazlal
Ru
Sif Muna
Trog
Uskayaw
Vehumet
Wu Jian
Xom
Yredelemnul
Zin
The Shining One

Annotations:
D:3 2 transporters, SirLogeyBear's ghost, amateur HOBe


Innate Abilities, Weirdness & Mutations

You have a pair of horns on your head.
You reflexively headbutt those who attack you in melee.


Message History

The yak gores you.
* * * LOW HITPOINT WARNING * * *
You hit the yak. You burn the yak.
The yak is severely wounded.
The yak gores you.
* * * LOW HITPOINT WARNING * * *
You hit the yak but do no damage. You headbutt the yak.
The yak is severely wounded.
The yak gores you.
* * * LOW HITPOINT WARNING * * *
The yak gores you but does no damage.
You completely miss the yak.
The yak is severely wounded.
The yak gores you.
* * * LOW HITPOINT WARNING * * *
You barely miss the yak. You punch the yak.
The yak is almost dead.
The yak gores you!
* * * LOW HITPOINT WARNING * * *
You slash the yak! You burn the yak.
You kill the yak!
The yak barely misses you. You furiously retaliate!
You headbutt the yak.
Your Dodging skill increases to level 3!
You barely miss the yak.
The yak is lightly wounded.
The yak gores you.
* * * LOW HITPOINT WARNING * * *
You slash the yak! You burn the yak.
The yak is heavily wounded.
The yak gores you!
* * * LOW HITPOINT WARNING * * *
You hit the yak. You burn the yak.
The yak is heavily wounded.
The yak barely misses you.
It was a potion of brilliance.
You feel clever all of a sudden. The yak misses you. You furiously retaliate!
You headbutt the yak, but do no damage.
It was a potion of haste.
You feel yourself speed up. The yak gores you!
You die...

..≈≈≈≈≈.# ..≈≈_≈≈.#
^$≈≈.≈≈.#
..≈≈.≈≈.###
..≈≈.≈≈...
..≈...≈..#
..≈.8$≈..###
#........YY#######
..##..####YY@...[#
.... #####..## ####
#†## ##.# #########
######..# ........#
#......##
........####.######
...)....##...#
...........###


You could see 4 yaks.

Vanquished Creatures
  A steam dragon (D:8)
  2 yaks (D:8)
  Menkaure (D:5)
  2 vampire mosquitoes (D:7)
  Duvessa (D:6)
  An ice beast (D:6)
  2 black bears
  2 ogres (D:5)
  A centaur (D:6)
  A phantom (D:5)
  Blork the orc (D:5)
  2 bullfrogs (Sewer)
  2 kobold brigands
  5 scorpions
  Dowan (D:6)
  3 howler monkeys (D:8)
  2 hounds
  A jelly (D:4)
  2 orc priests (D:5)
  2 sleepcaps (D:4)
  3 orc wizards (D:5)
  Natasha (thrice) (D:3)
  4 iguanas
  2 gnolls (D:7)
  13 adders
  4 river rats (D:7)
  A white imp (D:5)
  4 ufetubi
  3 worms
  4 dart slugs
  9 orcs
  5 endoplasms
  8 giant cockroaches
  6 goblins
  9 hobgoblins
  6 jackals (D:1)
  8 quokkas
  14 ball pythons
  2 bats (D:1)
  6 frilled lizards
  9 kobolds
  8 rats
166 creatures vanquished.

Notes
Turn   | Place    | Note
-------+----------+-------------------------------------------
     0 | D:1      | porpoise the Minotaur Hunter began the quest for the Orb.
     0 | D:1      | Reached XP level 1. HP: 18/18 MP: 0/0
   224 | D:1      | Reached XP level 2. HP: 25/25 MP: 1/1
   256 | D:1      | Reached skill level 5 in Ranged Weapons
   402 | D:1      | Reached XP level 3. HP: 28/31 MP: 2/2
  1064 | D:2      | Identified the +7 hand axe of Painful Death {flame, rF+}
  1267 | D:2      | Found a faded altar of an unknown god.
  1761 | D:3      | Reached skill level 1 in Armour
  1820 | D:3      | Reached XP level 4. HP: 38/38 MP: 3/3
  1832 | D:3      | Found a transporter.
  1844 | D:3      | Found a stormy altar of Qazlal.
  2169 | D:3      | Noticed Natasha
  2175 | D:3      | Killed Natasha
  2197 | D:3      | Found a transporter.
  2197 | D:3      | Noticed SirLogeyBear's ghost (amateur HOBe)
  2221 | D:3      | Found a glowing drain.
  2244 | Sewer    | Entered a sewer
  2324 | Sewer    | Reached skill level 6 in Ranged Weapons
  2324 | Sewer    | Reached XP level 5. HP: 44/46 MP: 4/4
  2704 | Sewer    | Reached XP level 6. HP: 50/53 MP: 5/5
  3008 | D:3      | Found a glowing silver altar of Zin.
  3105 | D:3      | Noticed Natasha
  3108 | D:3      | Killed Natasha
  3390 | D:3      | Noticed Natasha
  3394 | D:3      | Killed Natasha
  3484 | D:4      | Reached skill level 7 in Ranged Weapons
  3842 | D:4      | Found an ornate altar of the Wu Jian Council.
  4001 | D:4      | Reached skill level 5 in Fighting
  4001 | D:4      | Reached XP level 7. HP: 61/61 MP: 6/6
  4412 | D:5      | Entered Level 5 of the Dungeon
  4417 | D:5      | Found a hide-covered altar of Uskayaw.
  4604 | D:5      | Reached skill level 8 in Ranged Weapons
  4941 | D:5      | Reached skill level 5 in Armour
  4941 | D:5      | Reached XP level 8. HP: 70/70 MP: 7/7
  5045 | D:5      | Noticed Menkaure
  5053 | D:5      | Killed Menkaure
  5165 | D:5      | Reached skill level 9 in Ranged Weapons
  5378 | D:5      | Noticed Blork the orc
  5389 | D:5      | Killed Blork the orc
  5441 | D:5      | HP: 3/71 [ogre/+0 giant club (28)]
  5864 | D:6      | Found a shimmering blue altar of Sif Muna.
  5873 | D:6      | Got Vv's Atlas of Frostbound Incineration
  5965 | D:6      | Reached skill level 10 in Ranged Weapons
  6112 | D:6      | Found a staircase to the Ecumenical Temple.
  6119 | Temple   | Entered the Ecumenical Temple
  6427 | D:6      | Found an opulent altar of Gozag.
  6450 | D:6      | Found a basalt altar of Yredelemnul.
  6470 | D:6      | Noticed Duvessa
  6470 | D:6      | Noticed Dowan
  6483 | D:6      | Killed Duvessa
  6484 | D:6      | Reached XP level 9. HP: 32/79 MP: 8/8
  6498 | D:6      | Killed Dowan
  7248 | D:7      | Identified the +1 long sword of the Last Ultimatums {speed,
                  | Str+4 SInv}
  7444 | D:7      | Identified the +2 ring mail of the Realm of Zot {Harm
                  | Slay+2}
  8401 | D:8      | Reached skill level 11 in Ranged Weapons
  8411 | D:8      | Found a shadowy altar of Dithmenos.
  8456 | D:8      | HP: 1/82 [yak (11)]
  8459 | D:8      | Mangled by a yak

Illustrated notes

Levels and vault maps discovered:
D:1:      dpeg_arrival_leaves_temple_mockup, layout_basic
D:2:      layout_loops_ring, hellmonk_ecumenical_altar_arch_garden,
          serial_co_window_serial, co_window_paths_a,
          co_window_of_opportunity_a, co_window_paths_b,
          co_window_of_opportunity_a, co_window_corner_a, co_window_cross_3,
          co_window_broadway_a, co_window_corner_ca, co_window_cross_2,
          glass_columns_b, kennysheep_flooded_box,
          minmay_randomly_rotated_circles
D:3:      layout_basic, mainiacjoe_overflow_surrounded_room,
          lemuel_doored_altar, portal_sewer_entry_a, gammafunk_ghost_arena,
          uniq_natasha
D:4:      layout_layer_cave, nicolae_overflow_crystal_walls
D:5:      layout_basic, eat_drink_and_be_merry_uskayaw, uniq_blork_the_orc,
          uniq_menkaure
D:6:      layout_loops_ring, mainiacjoe_overflow_cross_hatched,
          yredelemnul_altar_generic, grunt_gozag_breadcrumbs,
          minmay_temple_entry_drinking_statues, uniq_duvessa
D:7:      wad_woods_tower, layout_basic
D:8:      layout_rooms, nemelex_altar_shiori, mainiacjoe_overflow_catwalk
Temple:   jpeg_temple_clearing

Skill      XL: |  1  2  3  4  5  6  7  8  9 |
---------------+----------------------------+-----
Fighting       | 3 4 5 6 7 8 |  8.5
Ranged Weapons | 5 6 7 8 10 11 | 11.4
Armour         | 1 3 5 6 7 |  7.0
Dodging        | 3 |  3.0
Stealth        | |  0.7

Action                     |  1- 3 |  4- 6 |  7- 9 || total
---------------------------+-------+-------+-------++-------
  Melee: Hand axe          |       |       |    74 ||    74
         Headbutt          |       |       |    12 ||    12
         Punch             |       |       |     1 ||     1
   Fire: Shortbow          |   100 |   188 |   173 ||   461
    Use: Scroll            |     1 |     2 |     6 ||     9
         Potion            |       |       |     4 ||     4
 Armour: Leather armour    |    10 |       |       ||    10
         Ring mail         |     4 |    39 |    48 ||    91
  Dodge: Dodged            |    41 |    55 |    96 ||   192
